 Dungeon Crawl Stone Soup version 0.31-a0-1589-g8f5e8aebd6 (webtiles) character file.

Game seed: 15876617775827152190

272 Flugslaktarn the Apothecary (level 6, -5/36 HPs)
             Began as an Octopode Alchemist on Jan 6, 2024.
             Slain by a sleepcap (17 damage)
             ... on level 5 of the Dungeon.
             The game lasted 00:02:14 (898 turns).

Flugslaktarn the Apothecary (Octopode Alchemist)     Turns: 898, Time: 00:02:16

Health: -5/36      AC:  8    Str:  7    XL:     6   Next: 23%
Magic:  2/11       EV:  2    Int: 19    God:
Gold:   91         SH:  0    Dex: 13    Spells: 7/12 levels left

rFire   + . .        g - +4 short sword (protect)
rCold   . . .        (no shield)
rNeg    . . .        (helmet restricted)
rPois   .            (no amulet)
rElec   .            f - ring of protection from fire
rCorr   .            (no ring)
SInv    .            (no ring)
Will    .....        (no ring)
Stlth   +++          (no ring)
HPRegen 0.26/turn    (no ring)
MPRegen 0.12/turn    (no ring)
                     (no ring)

%: no passive effects
@: sleeping, under a protective aura
A: almost no armour, amphibious, 8 rings, camouflage 1, gelatinous body 1,
(nimble swimmer 1), tentacles
a: no special abilities


You were on level 5 of the Dungeon.
You visited 1 branch of the dungeon, and saw 5 of its levels.

You collected 91 gold pieces.

Inventory:

Hand Weapons
 d - a +0 flail of protection
   (You took it off an orc on level 4 of the Dungeon)
 g - a +4 short sword of protection (weapon)
   (You took it off an orc on level 5 of the Dungeon)
Jewellery
 f - a ring of protection from fire (left tentacle)
   (You found it on level 3 of the Dungeon)
Scrolls
 b - a scroll of identify {unknown}
 e - a scroll of noise {unknown}
 i - 2 scrolls of enchant weapon {unknown}
Potions
 a - a potion of magic
 c - a potion of enlightenment
 h - a potion of degeneration {unknown}
 q - 2 potions of curing


   Skills:
 - Level 2.0 Dodging
 - Level 2.6 Stealth
 + Level 3.6 Spellcasting
 - Level 1.0 Conjurations
 * Level 6.4 Alchemy


You had 7 spell levels left.
You knew the following spells:

 Your Spells              Type           Power      Damage    Failure   Level
a - Sting                 Conj/Alch      68%        1d7       3%          1
b - Olgreb's Toxic Radia  Alch           27%        N/A       11%         4

Your spell library contained the following spells:

 Spells                   Type           Power      Damage    Failure   Level
 Mercury Vapours          Alch/Air       30%        N/A       6%          2
 Mephitic Cloud           Conj/Alch/Air  12%        N/A       16%         3
 Scorch                   Fire           6%         2d5       22%         2
 Sticky Flame             Fire/Alch      15%        2d5       36%         4
 Flame Wave               Conj/Fire      5%         2d5       75%         4
 Summon Cactus Giant      Summ           1%         N/A       100%        6


Dungeon Overview and Level Annotations

Branches:
Dungeon (5/15)
 Temple: D:4-7

Altars:
Cheibriados
Fedhas
Nemelex Xobeh
Yredelemnul
The Shining One

Annotations:
D:4 Duvessa


Innate Abilities, Weirdness & Mutations

You cannot wear most types of armour.
You are amphibious.
You can wear up to eight rings at the same time.
Your skin changes colour to match your surroundings (Stealth+).
Your rubbery body absorbs attacks. (AC +1, EV +1)
((You are camouflaged when in or above water. (Stealth+)))
You have tentacles for arms and can constrict up to eight enemies at once.


Message History

You hit the iguana but do no damage.
Your weapon exudes an aura of protection.
You grab the iguana.
The iguana is heavily wounded.
You constrict the iguana, but do no damage.
The iguana barely misses you.
You hit the iguana.
You kill the iguana!
You have reached level 6!
You hit the orc. Your grab misses the orc. You squeeze the orc.
You kill the orc!
No target in view!
Items here: ( ) ††.
A sleepcap comes into view.
The sleepcap moves out of view.
h - a dark potion
Found a scroll labelled KOYH OVAEZO.
An orc comes into view. It is wielding a +0 hand axe.
Found a runed bronze wand.
The orc moves out of view.
Found a stone staircase leading up.
You see here a +2 hand axe of freezing.
An orc comes into view. It is wielding a +0 flail.
The orc shouts! x2
You see here 2 scrolls labelled OQUONA CONI.
i - 2 scrolls labelled OQUONA CONI An orc wizard comes into view.
It is wielding a +0 dagger.
Casting: Sting (safe; 3% risk of failure)
Confirm with . or Enter, or press ? or * to list all spells.
Aiming: Sting (safe; 3% risk of failure)
Press: ? - help, Shift-Dir - straight line, f - orc
Aim: an orc, wielding a +0 hand axe and wearing a +0 ring mail (77% to hit)
The sting misses the orc.
You hit the orc.
Your weapon exudes an aura of protection.
Your grab misses the orc. You squeeze the orc.
You kill the orc!
The orc barely misses you.
You puncture the orc!
You kill the orc!
An orc comes into view. It is wielding a +0 club.
The orc wizard points at you and mumbles some strange words.
The magic dart hits you.
The orc moves out of view.
You see here a +0 flail.
Casting: Sting (safe; 3% risk of failure)
Confirm with . or Enter, or press ? or * to list all spells.
Aiming: Sting (safe; 3% risk of failure)
Press: ? - help, Shift-Dir - straight line, f - orc wizard
Aim: an orc wizard, wielding a +0 dagger and wearing a +0 robe (67% to hit)
The sting hits the orc wizard.
The orc wizard is poisoned.
The orc wizard is moderately wounded.
Casting: Sting (safe; 3% risk of failure)
Confirm with . or Enter, or press ? or * to list all spells.
Aiming: Sting (safe; 3% risk of failure)
Press: ? - help, Shift-Dir - straight line, f/p - orc wizard
Aim: an orc wizard, wielding a +0 dagger and wearing a +0 robe (severely wounded, poisoned, 67% to hit)
The sting hits the orc wizard.
The orc wizard looks even sicker.
You kill the orc wizard!
Casting: Sting (safe; 3% risk of failure)
Confirm with . or Enter, or press ? or * to list all spells.
Aiming: Sting (safe; 3% risk of failure)
Press: ? - help, Shift-Dir - straight line, f - sleepcap
Aim: a sleepcap (100% to hit)
The sting hits the sleepcap.
The sleepcap partially resists.
The sleepcap is lightly damaged.
Casting: Sting (safe; 3% risk of failure)
Confirm with . or Enter, or press ? or * to list all spells.
Aiming: Sting (safe; 3% risk of failure)
Press: ? - help, Shift-Dir - straight line, f/p - sleepcap
Aim: a sleepcap (lightly damaged, 100% to hit)
The sting hits the sleepcap but does no damage.
The sleepcap is poisoned.
The sleepcap is lightly damaged.
The sleepcap releases spores at you!
You hit the sleepcap but do no damage.
Your weapon exudes an aura of protection.
You grab the sleepcap.
You squeeze the sleepcap, but do no damage.
The sleepcap is lightly damaged.
You constrict the sleepcap. The sleepcap barely misses you.
You hit the sleepcap.
You squeeze the sleepcap, but do no damage.
The sleepcap is moderately damaged.
You constrict the sleepcap, but do no damage.
The sleepcap barely misses you.
You hit the sleepcap but do no damage.
The sleepcap is moderately damaged.
You constrict the sleepcap. The sleepcap releases spores at you!
You hit the sleepcap.
The sleepcap is heavily damaged.
You constrict the sleepcap, but do no damage.
The sleepcap misses you.
You hit the sleepcap.
The sleepcap is heavily damaged.
You constrict the sleepcap, but do no damage.
The sleepcap looks more healthy.
The sleepcap releases spores at you.
You are engulfed in a cloud of soporific spores!
You fall asleep.
You lose your grip on the sleepcap.
The sleepcap releases spores at you!
You die...

#............##### #.#
#........# #.....## #.#
#........###......#######.#
#######.........†..##.....#
###...###........#.###)#
###.......###.####.#.###.#####
##....<....#...# #.......[....
###....####.######
###.##.##.... .......# ###
#@#####..#......<. ###.####
#f##........##)##. #.#
##)....)###.###.#.. #.#
#.))...###..#...... #.#
##.....##.......#.. #.#
#....<##.###†#.... #.#
#.....#.. #...... #..
#........ ....... >..
...../..## ..##.#..


You could see a sleepcap.

Vanquished Creatures
  Blork the orc (D:4)
  A scorpion (D:5)
  An orc wizard (D:5)
  An iguana (D:5)
  Robin (D:4)
  2 adders
  2 ribbon worms (D:2)
  5 dart slugs
  8 orcs
  2 endoplasms
  A giant cockroach (D:3)
  10 goblins (D:4)
  6 hobgoblins (D:4)
  3 jackals (D:4)
  2 kobolds
  2 quokkas (D:4)
  3 ball pythons
  A bat (D:3)
  A rat (D:3)
53 creatures vanquished.

Notes
Turn   | Place    | Note
-------+----------+-------------------------------------------
     0 | D:1      | Flugslaktarn the Octopode Alchemist began the quest for the
                  | Orb.
     0 | D:1      | Reached XP level 1. HP: 11/11 MP: 3/3
    69 | D:2      | Reached XP level 2. HP: 17/17 MP: 0/5
   104 | D:2      | Found a snail-covered altar of Cheibriados.
   119 | D:2      | Reached skill level 4 in Alchemy
   226 | D:3      | Reached XP level 3. HP: 21/21 MP: 1/6
   385 | D:4      | Noticed Blork the orc
   399 | D:4      | Killed Blork the orc
   400 | D:4      | Reached skill level 5 in Alchemy
   400 | D:4      | Reached XP level 4. HP: 10/27 MP: 3/8
   464 | D:4      | Found a glowing golden altar of the Shining One.
   469 | D:4      | Found a basalt altar of Yredelemnul.
   471 | D:4      | Noticed a profane servitor
   571 | D:4      | Found a sparkling altar of Nemelex Xobeh.
   634 | D:4      | Reached XP level 5. HP: 31/31 MP: 5/9
   639 | D:4      | Found a blossoming altar of Fedhas.
   671 | D:4      | Noticed Robin
   694 | D:4      | Killed Robin
   727 | D:4      | Noticed Duvessa
   776 | D:5      | Entered Level 5 of the Dungeon
   813 | D:5      | Reached skill level 6 in Alchemy
   845 | D:5      | Learned a level 4 spell: Olgreb's Toxic Radiance
   861 | D:5      | Reached XP level 6. HP: 26/36 MP: 3/11
   898 | D:5      | Slain by a sleepcap

Illustrated notes

Levels and vault maps discovered:
D:1:      lemuel_arrival_muddy, layout_basic
D:2:      layout_basic, chequers_ecumenical_altar_simple, basic_altar
D:3:      layout_rooms, nicolae_gozag_cash_rules_everything_around_me,
          corner_web_ring, minivault_23
D:4:      layout_basic, grunt_temple_overflow_holy_war,
          mainiacjoe_overflow_surrounded_room, lemuel_round_altar, uniq_duvessa,
          uniq_robin, uniq_blork_the_orc
D:5:      layout_rooms, hellmonk_okawaru_the_only_friend_you_need,
          trog_antimagical, kennysheep_slug_shrine,
          minmay_temple_entry_junction_2

Skill      XL: |  1  2  3  4  5 |
---------------+----------------+-----
Alchemy        | 4 5 6 |  6.4
Spellcasting   | 3 |  3.6
Dodging        | |  2.0
Stealth        | |  2.6
Conjurations   | |  1.0

Action                     |  1- 3 |  4- 6 || total
---------------------------+-------+-------++-------
  Melee: Unarmed           |    24 |       ||    24
         Constrict         |     8 |     7 ||    15
         Tentacles         |     7 |    10 ||    17
         Flail             |     4 |    21 ||    25
         Short sword       |       |    10 ||    10
   Cast: Sting             |    24 |    40 ||    64
    Use: Potion            |     3 |       ||     3
 Armour: Skin              |    12 |    26 ||    38
  Dodge: Dodged            |    25 |    42 ||    67

Table legend: (Time is in decaauts)
 A = Elapsed time spent in this place.
 B = Non-inter-level travel time spent in this place.
 C = Inter-level travel time spent in this place.
 D = Time resting spent in this place.
 E = Time spent auto-exploring this place.
 F = Levels seen in this place.
 G = Mean time per level.
                   A        B        C        D        E       F      G
               +--------+--------+--------+--------+--------+-----+--------+
         Total |    919 |    886 |     33 |     14 |    372 |   5 |  183.8 |
       Dungeon |    919 |    886 |     33 |     14 |    372 |   5 |  183.8 |
               +--------+--------+--------+--------+--------+-----+--------+

Top non-repeatable levels by time:
     D:4: 516 daAuts
     D:3: 126 daAuts
     D:5: 121 daAuts
     D:2: 103 daAuts
     D:1: 50 daAuts
